 Dungeon Crawl Stone Soup version 0.31-a0-237-g2d982f9f85 (webtiles) character file.

Game seed: 11656812201940637085

187 qw the Shooter (level 5, 0/31 HPs)
             Began as a Gargoyle Hexslinger on July 10, 2023.
             Slain by an orc warrior
             ... wielding a +0 dire flail
              (7 damage)
             ... on level 3 of the Dungeon.
             The game lasted 00:00:41 (1847 turns).

qw the Shooter (Gargoyle Hexslinger)                Turns: 1847, Time: 00:00:41

Health: 0/31       AC: 10    Str: 12    XL:     5   Next: 66%
Magic:  6/6        EV: 10    Int: 13    God:
Gold:   112        SH:  0    Dex: 14    Spells: 5/6 levels left

rFire   . . .        Y - +1 sling (drain)
rCold   . . .        (no shield)
rNeg    + . .        b - +0 ring mail
rPois   inf          (no helmet)
rElec   +            f - +0 cloak
rCorr   .            (no gloves)
SInv    .            (no boots)
Will    .....        (no amulet)
Stlth   +            (no ring)
HPRegen 0.25/turn    (no ring)
MPRegen 0.10/turn

%: no passive effects
@: no status effects
A: sickness immunity, AC +4, negative energy resistance 1, electricity
resistance, torment resistance 1, petrification resistance
a: no special abilities


You were on level 3 of the Dungeon.
You visited 1 branch of the dungeon, and saw 3 of its levels.

You collected 112 gold pieces.


Innate Abilities, Weirdness & Mutations

You are immune to sickness and miasma.
Your stone body is resilient. (AC +4)
You are immune to poison.
You resist negative energy. (rN+)
You are resistant to electric shocks. (rElec)
You are resistant to unholy torment.
You are immune to petrification.


   Skills:
 + Level 2.3 Fighting
 - Level 5.1 Ranged Weapons
 - Level 1.0 Armour
 - Level 1.5 Dodging
 - Level 1.0 Spellcasting
 - Level 2.6 Hexes


You had 5 spell levels left.
You knew the following spells:

 Your Spells              Type           Power      Damage    Failure   Level
a - Slow                  Hex            28%        N/A       22%         1

Your spell library contained the following spells:

 Spells                   Type           Power      Damage    Failure   Level
 Inner Flame              Hex/Fire       4%         N/A       73%         3
 Portal Projectile        Hex/Tloc       8%         N/A       73%         3
 Cause Fear               Hex            3%         N/A       91%         4

Inventory:

Hand Weapons
 Y - a +1 sling of draining (weapon)
Armour
 b - a +0 ring mail (worn)
 f - a +0 cloak (worn)
Scrolls
 a - a scroll of identify
 c - a scroll of fear {unknown}
Potions
 e - a potion of might {unknown}

Dungeon Overview and Level Annotations

Branches:
Dungeon (3/15)

Altars:

Shops:
D:1 (


Message History

The bat closely misses you. The bat barely misses you.
You shoot a sling bullet. The sling bullet barely misses the bat.
The bat hits you but does no damage.
A quokka comes into view.
A worm comes into view.
You shoot a sling bullet.
The sling bullet closely misses the orc wizard.
The bat hits you but does no damage.
The orc wizard hits you with a +0 dagger.
A goblin comes into view.
It is wielding a +1 dagger of electrocution.
You shoot a sling bullet. The sling bullet hits the orc wizard.
The orc wizard is moderately wounded.
The bat hits you but does no damage.
The orc wizard hits you but does no damage.
An orc priest comes into view. It is wielding a +0 short sword.
The orc priest invokes the aid of Beogh against you.
Beogh smites you!
You shoot a sling bullet.
The sling bullet hits the orc warrior but does no damage.
You drain the orc warrior.
The orc warrior is lightly wounded.
The bat hits you but does no damage. x2
1843 ||| Stepping ~*~*~tactically~*~*~ (outnumbered).
The orc warrior attacks as you move away!
The orc warrior hits you with a +0 dire flail.
The bat attacks as you move away! The bat hits you but does no damage.
The bat hits you but does no damage.
You shoot a sling bullet. The sling bullet hits the bat.
You kill the bat!
You shoot a sling bullet.
The sling bullet barely misses the orc warrior.
The orc warrior hits you but does no damage.
You shoot a sling bullet.
The sling bullet barely misses the orc warrior.
The sling bullet barely misses the goblin.
The orc warrior hits you with a +0 dire flail. x2
You shoot a sling bullet.
The sling bullet closely misses the orc wizard.
The orc wizard closely misses you.
The orc warrior hits you with a +0 dire flail!
You die...

. ##. ..## ...
.....##### ..#
.....w.g.####..#.
#roo........
#.o.r..#@...##.#
..###.o##...# .# ##.
#...# .#
##.####.##.## .
#.......##..##....
#............)...##
#.................#
#..........####...
#..........#).'..###.


You could see an orc warrior (drained), a worm, an orc wizard, a quokka and a
goblin.

Vanquished Creatures
  A gnoll sergeant (D:3)
  An orc wizard (D:3)
  2 gnolls (D:3)
  3 adders
  A worm (D:2)
  2 dart slugs
  4 orcs (D:3)
  4 endoplasms
  A giant cockroach (D:2)
  5 goblins
  3 hobgoblins
  2 jackals (D:1)
  2 kobolds
  2 quokkas (D:2)
  2 ball pythons (D:2)
  2 bats
  A frilled lizard (D:1)
  7 rats
45 creatures vanquished.

Notes
Turn   | Place    | Note
-------+----------+-------------------------------------------
     0 | D:1      | qw the Gargoyle Hexslinger began the quest for the Orb.
     0 | D:1      | Reached XP level 1. HP: 12/12 MP: 2/2
     0 | D:1      | 0 ||| qw: Version: 0.3-a-52-g30416fa
     0 | D:1      | 0 ||| qw: Game counter: 5370
     0 | D:1      | 0 ||| qw: Melee chars always use a shield: true
     0 | D:1      | 0 ||| qw: God list: Okawaru
     0 | D:1      | 0 ||| qw: Allow faded altars: false
     0 | D:1      | 0 ||| qw: Do Orc after clearing Dungeon:15 true
     0 | D:1      | 0 ||| qw: Do second Lair branch before Depths: true
     0 | D:1      | 0 ||| qw: Lair rune preference: random
     0 | D:1      | 0 ||| qw: Goals: Normal
     0 | D:1      | 0 ||| PLANNING D:1-11
   105 | D:1      | Found Maetutyo's Weapon Emporium.
   111 | D:1      | 111 ||| SHOPLISTING +6 longbow of freezing (524 gold, have
                  | 8).
   251 | D:1      | Reached XP level 2. HP: 16/16 MP: 3/3
   465 | D:1      | Reached skill level 3 in Ranged Weapons
   712 | D:1      | 712 ||| UPGRADING to +0 leather armour.
   722 | D:1      | 722 ||| DROPPING +0 robe.
   723 | D:1      | 723 ||| READING scroll labelled QOFOCK WUUT.
   734 | D:1      | 734 ||| READING scroll labelled UCLUKE CUISUKH.
   735 | D:1      | 735 ||| DROPPING scroll of poison.
   762 | D:2      | 762 ||| STAIRDANCE
   819 | D:2      | Reached XP level 3. HP: 21/21 MP: 4/4
  1391 | D:2      | Reached XP level 4. HP: 26/26 MP: 5/5
  1439 | D:2      | 1439 ||| UPGRADING to +0 ring mail.
  1449 | D:2      | 1449 ||| DROPPING scarf of invisibility.
  1450 | D:2      | 1450 ||| UPGRADING to +0 cloak.
  1455 | D:2      | 1455 ||| DROPPING +0 leather armour.
  1456 | D:2      | 1456 ||| READING 3 scrolls labelled YJOFEJ HONUL.
  1457 | D:2      | 1457 ||| READING scroll labelled NUMUTO VOOROST.
  1458 | D:2      | 1458 ||| READING scroll labelled RESEIKHL NUCUPP.
  1459 | D:2      | 1459 ||| READING scroll labelled OSO JOAZESU.
  1460 | D:2      | 1460 ||| READING 2 scrolls of identify.
  1460 | D:2      | 1460 ||| IDENTIFYING pink potion
  1461 | D:2      | 1461 ||| DROPPING potion of invisibility.
  1503 | D:3      | Reached skill level 1 in Armour
  1588 | D:3      | Noticed a gnoll sergeant
  1588 | D:3      | Found the +5 woodcutter's axe
  1599 | D:3      | Killed a gnoll sergeant
  1600 | D:3      | Reached skill level 4 in Ranged Weapons
  1600 | D:3      | Reached XP level 5. HP: 16/30 MP: 6/6
  1605 | D:3      | HP: 6/30 [gnoll/+0 whip (5)]
  1807 | D:3      | 1807 ||| Stepping ~*~*~tactically~*~*~ (outnumbered).
  1814 | D:3      | Reached skill level 5 in Ranged Weapons
  1836 | D:3      | 1836 ||| Stepping ~*~*~tactically~*~*~ (outnumbered).
  1837 | D:3      | Noticed an orc warrior
  1843 | D:3      | 1843 ||| Stepping ~*~*~tactically~*~*~ (outnumbered).
  1846 | D:3      | HP: 7/31 [orc warrior/+0 dire flail (4)]
  1847 | D:3      | Slain by an orc warrior

Levels and vault maps discovered:
D:1:      co_arrival_random_square_maze, layout_basic, serial_shops,
          nicolae_shop_bloodbath_and_beyond, minmay_distorted
D:2:      layout_loops_ring, bh_walls_and_bars
D:3:      layout_rooms, corexii_shack, pf_guarded_unrand_woodcutter

Skill      XL: |  1  2  3  4  5 |
---------------+----------------+-----
Ranged Weapons | 3 4 5 |  5.1
Fighting       | 2 |  2.3
Armour         | 1 |  1.0
Dodging        | |  1.5
Spellcasting   | |  1.0
Hexes          | |  2.6

Action                     |  1- 3 |  4- 6 || total
---------------------------+-------+-------++-------
   Fire: Sling             |    80 |    66 ||   146
    Use: Scroll            |     2 |     5 ||     7
 Armour: Robe              |     5 |       ||     5
         Leather armour    |     9 |       ||     9
         Ring mail         |       |    23 ||    23
  Dodge: Dodged            |    15 |    25 ||    40

Table legend:
 A = Non-vault XP
 B = Vault XP
 C = Vault XP percentage of total XP
 D = Non-vault monster count
 E = Vault monster count
 F = Vault count percentage of total count
                 A         B        C        D         E       F
            +---------+---------+-------+---------+---------+-------
      Total |     147 |     121 |  45.1 |      39 |       6 |  13.3
            +---------+---------+-------+---------+---------+-------
        D:1 |      22 |       4 |  15.4 |      11 |       3 |  21.4
        D:2 |      57 |       0 |   0.0 |      17 |       0 |   0.0
        D:3 |      68 |     117 |  63.2 |      11 |       3 |  21.4
            +---------+---------+-------+---------+---------+-------
